 Dungeon Crawl Stone Soup version 0.31-a0-986-g5e6e4ef867 (webtiles) character file.

Game seed: 10887633080950048982

70219 Persephone the Bludgeoner (level 15, 0/97 HPs)
             Began as a Gargoyle Fighter on Nov 16, 2023.
             Was a High Priest of Qazlal.
             Slain by an orc knight
             ... wielding a +2 battleaxe
              (29 damage)
             ... on level 2 of the Orcish Mines.
             The game lasted 00:42:00 (19577 turns).

Persephone the Bludgeoner (Gargoyle Fighter)       Turns: 19577, Time: 00:42:00

Health: 0/97       AC: 35    Str: 26    XL:     15   Next: 32%
Magic:  16/24      EV:  7    Int: 10    God:    Qazlal [*****.]
Gold:   1765       SH: 14    Dex: 11    Spells: 14/14 levels left

rFire   . . .        e - +5 morningstar (venom)
rCold   . . .        c - +1 buckler
rNeg    + + .        H - +0 plate armour
rPois   ∞            U - +1 helmet "Deutosad" {rN+ Dex+2 Stlth-}
rElec   +            C - +0 cloak
rCorr   +            s - +0 pair of gloves
SInv    .            (no boots)
Will    +....        y - amulet of regeneration Stlth
                     n - ring of resist corrosion
HPRegen 1.16/turn    (no ring)
MPRegen 0.19/turn

%: repel missiles
@: about to teleport, protected from physical damage, flying
A: sickness immunity, AC +11, big wings, negative energy resistance 1,
electricity resistance, torment resistance 1, petrification resistance
a: Renounce Religion, Upheaval, Elemental Force, Disaster Area


You were on level 2 of the Orcish Mines.
You worshipped Qazlal.
Qazlal was extremely pleased with you.
You visited 4 branches of the dungeon, and saw 19 of its levels.
You also visited: Bailey.

You collected 1898 gold pieces.
You spent 133 gold pieces at shops.

Inventory:

Hand Weapons
 e - a +5 morningstar of venom (weapon)
Missiles
 o - 2 throwing nets
 v - 2 javelins
Armour
 c - a +1 buckler (worn)
 s - a +0 pair of gloves (worn)
 C - a +0 cloak (worn)
 H - a +0 plate armour (worn)
 U - the +1 helmet "Deutosad" (worn) {rN+ Dex+2 Stlth-}
   (You found it on level 5 of the Lair of Beasts)

   Dex+2:     It affects your dexterity (+2).
   rN+:       It protects you from negative energy.
   Stlth-:    It makes you less stealthy.
Jewellery
 j - an amulet of guardian spirit
 n - a ring of resist corrosion (left hand)
 y - an amulet of regeneration (around neck)
 N - a ring of see invisible
 S - a ring of protection from cold
Wands
 k - a wand of light (7)
 B - a wand of roots (8)
 D - a wand of polymorph (6)
 K - a wand of flame (12)
 O - a wand of charming (5)
Scrolls
 d - 4 scrolls of fear
 f - 2 scrolls of teleportation
 g - 2 scrolls of revelation
 h - 4 scrolls of fog
 w - a scroll of torment
 z - 2 scrolls of immolation
 E - 3 scrolls of butterflies
 G - a scroll of enchant weapon
 I - 2 scrolls of blinking
 L - 3 scrolls of vulnerability
 M - 4 scrolls of amnesia
Potions
 a - 4 potions of attraction
 b - 2 potions of ambrosia
 i - 2 potions of berserk rage
 l - 2 potions of haste
 m - 3 potions of degeneration
 p - a potion of resistance {unknown}
 q - a potion of lignification {unknown}
 r - a potion of enlightenment
 t - a potion of invisibility {unknown}
 x - 6 potions of mutation
 F - 3 potions of brilliance
 Q - 2 potions of cancellation


   Skills:
 + Level 12.5 Fighting
 - Level 16.0 Maces & Flails
 + Level 12.4 Armour
 + Level 12.5 Shields
 + Level 12.0 Invocations


You had 14 spell levels left.
You didn't know any spells.
Your spell library contained the following spells:

 Spells                   Type           Power      Damage    Failure   Level
 Magic Dart               Conj           0%         1d3       98%         1
 Shock                    Conj/Air       0%         1d3       98%         1
 Call Imp                 Summ           0%         N/A       99%         2
 Dazzling Flash           Conj/Hex       0%         N/A       100%        3
 Frozen Ramparts          Ice            0%         1d1       100%        3
 Hailstorm                Conj/Ice       0%         3d3       100%        3
 Mephitic Cloud           Conj/Pois/Air  0%         N/A       100%        3
 Swiftness                Air            0%         N/A       100%        3
 Volatile Blastmotes      Fire/Tloc      0%         2d10      100%        3
 Airstrike                Air            0%         2d(0-16)  100%        4
 Animate Armour           Summ/Erth      0%         N/A       100%        4
 Brom's Barrelling Bould  Conj/Erth      0%         2d3       100%        4
 Olgreb's Toxic Radiance  Pois           0%         N/A       100%        4
 Petrify                  Tmut/Erth      0%         N/A       100%        4
 Summon Ice Beast         Ice/Summ       0%         N/A       100%        4
 Summon Lightning Spire   Summ/Air       0%         N/A       100%        4
 Fireball                 Conj/Fire      0%         3d3       100%        5
 Irradiate                Conj/Tmut      0%         3d11      100%        5
 Iskenderun's Battlesphe  Conj           0%         2d6       100%        5
 Lee's Rapid Deconstruct  Erth           0%         3d4*      100%        5
 Metabolic Englaciation   Hex/Ice        0%         N/A       100%        5
 Yara's Violent Unravell  Hex/Tmut       0%         3d3       100%        5
 Conjure Ball Lightning   Conj/Air       0%         3x3d6     100%        6
 Eringya's Noxious Bog    Tmut/Pois      0%         4d6       100%        6
 Simulacrum               Ice/Necr       0%         N/A       100%        6
 Starburst                Conj/Fire      0%         6d3       100%        6
 Orb of Destruction       Conj           0%         9d5       100%        7
 Maxwell's Capacitive Co  Air            0%         ∞         100%        8


Dungeon Overview and Level Annotations

Branches:
Dungeon (11/15)            Temple (1/1) D:5            Lair (5/5) D:9
 Shoals (0/4) Lair:2       Spider (0/4) Lair:3        Slime (0/5) Lair:5
    Orc (2/2) D:10            Elf (0/3) Orc:2        Bailey (visited)

Altars:
Ashenzari
Cheibriados
Dithmenos
Elyvilon
Fedhas
Gozag
Hepliaklqana
Kikubaaqudgha
Makhleb
Nemelex Xobeh
Okawaru
Qazlal
Ru
Sif Muna
Trog
Uskayaw
Vehumet
Wu Jian
Xom
Yredelemnul
Zin
The Shining One

Shops:
D:5 =   D:6 ?   D:9 ?

Annotations:
D:9 exclusion: orange crystal statue
D:11 3 runed translucent doors, Fodor's ghost, journeyman MiFi
Lair:1 3 runed translucent doors, SecretSquirrel's ghost, journeyman GrMo; clenchingflame's ghost, journeyman MiFi; wally255's ghost, journeyman TrMo


Innate Abilities, Weirdness & Mutations

You are immune to sickness and miasma.
Your stone body is resilient. (AC +11)
You are immune to poison.
Your large and strong wings let you fly.
You resist negative energy. (rN+)
You are resistant to electric shocks. (rElec)
You are resistant to unholy torment.
You are immune to petrification.


Message History

The orc warrior is lightly wounded.
The orc warrior hits you but does no damage.
You sock the orc warrior!
The orc warrior looks as sick as possible!
The orc warrior is severely wounded.
The orc priest no longer looks unusually strong.
You closely miss the orc warrior.
The orc warrior is almost dead.
The orc knight no longer looks unusually strong.
You kill the orc warrior!
Qazlal accepts your kill.
The orc knight shoots a bolt.
You block the bolt.
An orc priest comes into view. It is wielding a +1 heavy trident.
The orc priest shouts!
The orc high priest utters an invocation to Beogh.
The orc priest invokes the aid of Beogh against you.
Beogh smites you!
The orc knight hits you with a +2 battleaxe!
* * * LOW HITPOINT WARNING * * *
The orc knight unwields a +0 arbalest.
The orc knight wields a +0 great mace.
The orc knight hits you with a +0 great mace.
* * * LOW HITPOINT WARNING * * *
You feel more protected from physical attacks.
Items here: ( ))))))))))) [[[[[[[[ †††††††.
You feel much better.
The orc high priest no longer looks unusually strong.
The orc priest hits you but does no damage.
An orc comes into view. It is wielding a +0 club.
The orc knight roars a battlecry!
The orcs go into a battle-frenzy!
The orc high priest is engulfed in a thunderstorm.
The orc high priest mumbles some strange prayers to Beogh against you.
Beogh smites you!
* * * LOW HITPOINT WARNING * * *
You block the orc knight's attack.
As you read the scroll of teleportation, it crumbles to dust.
You feel strangely unstable.
The orc priest hits you but does no damage.
The orc knight hits you with a +2 battleaxe!!
You die...

### ##.## #.○)## #§).# ### ###
####.@#####.## ### #.##
##...ooo##)...###.##### ...#
###.....o#oo)o...#...#.#. ..##
##......[ooo))#......#.... ###
##.........#..3.......##...
#######..........#...o)......#...
#.#..#...........#######...######
..........._.....# #.......##
.................# #..#...#..#


You could see 2 orc knights, 3 orc high priests, a neqoxec (summoned), 2 orc
warriors, 2 orc priests and an orc (strong).

Vanquished Creatures
  Gastronok (D:9)
  The ghost of ShellytheWitch the Fighter, a journeyman KoBr of Dithmenos (Lair:4)
  Nessos (Lair:4)
  An ettin (Orc:2)
  2 hydras
  Erolcha (D:10)
  3 catoblepae (Lair:5)
  A centaur warrior (D:8)
  22 death yaks
  3 boulder beetles
  2 orc high priests (Orc:2)
  5 orc knights
  A lindwurm (Lair:4)
  Pikel (D:4)
  3 manticores
  2 cyclopes (D:11)
  11 elephants (Lair:5)
  2 black mambas
  A merfolk siren (Lair:2)
  14 cane toads
  A kobold demonologist (D:11)
  Jeremiah (D:9)
  An unseen horror (D:11)
  3 rime drakes
  15 komodo dragons
  Maggie (D:7)
  A polar bear (Lair:1)
  3 merfolk (Lair:2)
  2 trolls
  Grinder (D:3)
  19 blink frogs
  7 dream sheep (Lair:5)
  2 slime creatures (Lair:5)
  52 yaks
  2 shadows
  3 jumping spiders (Lair:3)
  8 wyverns
  3 wraiths
  A steam dragon (D:9)
  2 basilisks (Lair:1)
  A redback (Lair:3)
  Edmund (D:4)
  2 wargs (Orc:1)
  An acid dragon (D:9)
  10 water moccasins
  3 ice beasts
  2 black bears
  32 orc warriors
  5 ogres
  8 wolves
  A centaur (D:10)
  A phantom (D:4)
  A kobold brigand (D:10)
  15 bullfrogs
  2 gnoll sergeants
  5 scorpions
  11 wights
  13 killer bees
  6 howler monkeys
  8 hounds
  26 orc priests
  3 jellies
  A gnoll bouda (D:5)
  Crazy Yiuf (D:7)
  6 iguanas
  Jessica (D:3)
  18 orc wizards
  3 sleepcaps
  17 gnolls
  7 adders
  A white imp (D:6)
  2 ufetubi (D:6)
  2 worms (D:2)
  4 dart slugs
  82 orcs
  4 ball pythons
  7 bats
  7 endoplasms
  3 giant cockroaches (D:3)
  18 goblins
  13 hobgoblins
  5 jackals
  10 kobolds
  4 quokkas
  4 frilled lizards
  8 rats
591 creatures vanquished.

Notes
Turn   | Place    | Note
-------+----------+-------------------------------------------
     0 | D:1      | Persephone the Gargoyle Fighter began the quest for the
                  | Orb.
     0 | D:1      | Reached XP level 1. HP: 14/14 MP: 1/1
   144 | D:1      | Reached XP level 2. HP: 19/19 MP: 2/2
   408 | D:1      | Reached skill level 3 in Maces & Flails
  1008 | D:2      | Reached XP level 3. HP: 23/23 MP: 3/3
  1260 | D:2      | Reached skill level 4 in Maces & Flails
  1457 | D:2      | Reached XP level 4. HP: 22/28 MP: 4/4
  2008 | D:3      | Found a blossoming altar of Fedhas.
  2322 | D:3      | Noticed Jessica
  2326 | D:3      | Killed Jessica
  2484 | D:3      | Reached skill level 5 in Maces & Flails
  2484 | D:3      | Reached XP level 5. HP: 28/32 MP: 5/5
  2876 | D:3      | Noticed Grinder
  2895 | D:3      | Killed Grinder
  2896 | D:3      | Reached skill level 6 in Maces & Flails
  2896 | D:3      | Reached XP level 6. HP: 31/37 MP: 6/6
  3088 | D:4      | Noticed Pikel
  3113 | D:4      | Killed Pikel
  3114 | D:4      | Reached skill level 8 in Maces & Flails
  3114 | D:4      | Reached XP level 7. HP: 10/41 MP: 7/7
  3285 | D:4      | Reached skill level 9 in Maces & Flails
  3285 | D:4      | Reached XP level 8. HP: 46/46 MP: 8/8
  3784 | D:4      | Noticed Edmund
  3799 | D:4      | Killed Edmund
  3918 | D:4      | Reached skill level 10 in Maces & Flails
  4060 | D:5      | Identified the "Caof"
  4060 | D:5      | Entered Level 5 of the Dungeon
  4075 | D:5      | Noticed a wyvern
  4085 | D:5      | Killed a wyvern
  4239 | D:5      | Reached skill level 11 in Maces & Flails
  4448 | D:5      | Reached XP level 9. HP: 50/51 MP: 9/9
  4719 | D:5      | Found Laacvocla's Jewellery Boutique.
  5086 | D:5      | Found a faded altar of an unknown god.
  5090 | D:5      | Found a staircase to the Ecumenical Temple.
  5160 | D:5      | Identified a scroll of acquirement
  5160 | D:5      | Acquired a +1 morningstar of protection
  5206 | Temple   | Entered the Ecumenical Temple
  5232 | Temple   | Became a worshipper of Qazlal Stormbringer
  5354 | D:5      | Reached skill level 12 in Maces & Flails
  5548 | D:6      | Found Ussuaw's Magic Scroll Boutique.
  5664 | D:6      | Found a bloodstained altar of Trog.
  5774 | D:6      | Found a white marble altar of Elyvilon.
  6348 | D:7      | Reached skill level 13 in Maces & Flails
  6510 | D:7      | Reached * piety under Qazlal
  6631 | D:7      | Reached XP level 10. HP: 56/56 MP: 10/10
  6783 | D:7      | Reached skill level 14 in Maces & Flails
  6970 | D:7      | Noticed Maggie
  6979 | D:7      | Killed Maggie
  7163 | D:7      | Found a runed translucent door.
  7165 | D:7      | Noticed Crazy Yiuf
  7184 | D:7      | Killed Crazy Yiuf
  7622 | D:8      | Reached skill level 15 in Maces & Flails
  7845 | D:8      | Noticed a centaur warrior
  7854 | D:8      | Killed a centaur warrior
  7972 | D:8      | Reached ** piety under Qazlal
  8114 | D:9      | Reached skill level 16 in Maces & Flails
  8216 | D:9      | Found a staircase to the Lair.
  8274 | D:9      | Found a hide-covered altar of Uskayaw.
  8279 | D:9      | Noticed Gastronok
  8280 | D:9      | Found a burning altar of Makhleb.
  8298 | D:9      | Killed Gastronok
  8299 | D:9      | Reached XP level 11. HP: 24/61 MP: 10/12
  8299 | D:9      | Found a basalt altar of Yredelemnul.
  8349 | D:9      | Found a shadowy altar of Dithmenos.
  8356 | D:9      | Found an iron altar of Okawaru.
  8477 | D:9      | Noticed an orange crystal statue
  8674 | D:9      | Found a flagged portal.
  8683 | Bailey   | Entered a bailey
  8809 | Bailey   | Reached *** piety under Qazlal
  8844 | Bailey   | Noticed an orc knight
  8890 | Bailey   | Killed an orc knight
  8989 | Bailey   | Noticed an orc warlord
  8989 | Bailey   | Noticed an orc knight
  8992 | Bailey   | Noticed an orc knight
  9032 | D:9      | Killed an orc knight
  9190 | D:9      | Found Zedghock's Magic Scroll Shop.
  9211 | D:9      | Noticed Jeremiah
  9223 | D:9      | Killed Jeremiah
  9224 | D:9      | Reached skill level 5 in Fighting
  9224 | D:9      | Reached skill level 5 in Armour
  9224 | D:9      | Reached skill level 5 in Shields
  9518 | D:10     | Entered Level 10 of the Dungeon
  9541 | D:10     | Noticed Erolcha
  9558 | D:10     | Killed Erolcha
  9979 | D:10     | Found a staircase to the Orcish Mines.
 10598 | D:6      | Bought a scroll of brand weapon for 133 gold pieces
 10747 | D:11     | Noticed a manticore
 10765 | D:11     | Killed a manticore
 10846 | D:11     | Noticed a cyclops
 10860 | D:11     | Killed a cyclops
 10899 | D:11     | Reached skill level 5 in Invocations
 10967 | D:11     | Noticed a cyclops
 10976 | D:11     | Killed a cyclops
 10977 | D:11     | Reached XP level 12. HP: 71/71 MP: 15/15
 11202 | D:11     | Found a runed translucent gate.
 11204 | D:11     | Found a runed translucent gate.
 11206 | D:11     | Noticed a minotaur
 11207 | D:11     | Found a runed translucent gate.
 11208 | D:11     | Noticed Fodor's ghost (journeyman MiFi)
 11208 | D:11     | Noticed a two-headed ogre
 11617 | D:13     | Identified the of Ykopleg
 11617 | Lair:1   | Entered Level 1 of the Lair of Beasts
 12031 | Lair:1   | Found a runed translucent gate.
 12031 | Lair:1   | Found a runed translucent gate.
 12031 | Lair:1   | Found a runed translucent gate.
 12110 | Lair:1   | Noticed a boulder beetle
 12116 | Lair:1   | Noticed a boulder beetle
 12123 | Lair:1   | Killed a boulder beetle
 12123 | Lair:1   | Reached **** piety under Qazlal
 12135 | Lair:1   | Killed a boulder beetle
 12512 | Lair:1   | Noticed SecretSquirrel's ghost (journeyman GrMo)
 12512 | Lair:1   | Noticed clenchingflame's ghost (journeyman MiFi)
 12513 | Lair:1   | Noticed wally255's ghost (journeyman TrMo)
 13164 | Lair:2   | Found a staircase to the Shoals.
 13464 | Lair:2   | Reached XP level 13. HP: 79/79 MP: 18/18
 13564 | Lair:3   | Found a hole to the Spider Nest.
 14696 | Lair:4   | Reached ***** piety under Qazlal
 14760 | Lair:4   | Reached skill level 10 in Fighting
 14760 | Lair:4   | Reached skill level 10 in Shields
 14794 | Lair:4   | Reached skill level 10 in Armour
 15003 | Lair:4   | Found a runed translucent door.
 15005 | Lair:4   | Noticed ShellytheWitch's ghost (journeyman KoBr)
 15100 | Lair:4   | Noticed Nessos
 15510 | Lair:4   | Killed Nessos
 15779 | Lair:4   | Gained mutation: Your large and strong wings let you fly.
                  | [Gargoyle growth]
 15779 | Lair:4   | Reached XP level 14. HP: 88/88 MP: 21/21
 16196 | Lair:4   | Killed ShellytheWitch's ghost
 16270 | Lair:5   | Entered Level 5 of the Lair of Beasts
 16279 | Lair:5   | Found a staircase to the Slime Pits.
 16292 | Lair:5   | Reached skill level 10 in Invocations
 17487 | Lair:5   | HP: 4/136 [death yak (11)]
 17498 | Lair:5   | Reached XP level 15. HP: 26/96 MP: 1/23
 17704 | Lair:5   | Identified the +1 helmet "Deutosad" {rN+ Dex+2 Stlth-}
 17778 | Lair:5   | Found the ring of the Mage {Wiz Archmagi}
 18415 | Orc:1    | Entered Level 1 of the Orcish Mines
 18529 | Orc:1    | Found a burning altar of Makhleb.
 18837 | Orc:2    | Entered Level 2 of the Orcish Mines
 19112 | Orc:2    | Found a staircase to the Elven Halls.
 19577 | Orc:2    | Slain by an orc knight

Illustrated notes

Levels and vault maps discovered:
D:1:      heliophobic_arrival_ceremonial_halls, layout_basic
D:2:      layout_loops_corners
D:3:      minmay_chambers_of_threes, layout_basic, lemuel_crystal_altar,
          uniq_grinder, uniq_jessica
D:4:      layout_basic, uniq_pikel, uniq_edmund
D:5:      layout_loops_ring, nicolae_temple_entry_ecumenical, serial_shops, shop
D:6:      layout_layer_cave, elyvilon_altar_4, amcnicky_altar_gilded,
          chequers_serial_rivers_micro_d, kennysheep_small_square
D:7:      layout_basic, uniq_crazy_yiuf_cottage, uniq_maggie
D:8:      layout_basic
D:9:      layout_cave_pods, nicolae_overflow_hallway_of_the_gods,
          lair_entry_dummy, enter_bailey_4, serial_shops,
          nicolae_shop_peninsula, minmay_protected_statue, uniq_jeremiah,
          uniq_gastronok
D:10:     layout_basic, david_orc_3, nrook_mini_vaults,
          nicolae_concentric_dashed_squares_wild, uniq_erolcha
D:11:     layout_long_grid, maelrawn_ghost_gauntlet_escape
Temple:   nicolae_temple_bog_church
Lair:1:   layout_cave_pods, gammafunk_ghost_cemetery
Lair:2:   layout_misc_corridors, elwin_shoals_entry_stream,
          chequers_serial_rivers_room_a, serial_bayou_shore_b
Lair:3:   nzn_winding_woodlands_small [nzn_winding_woodlands_5x15_sawtooth,
          nzn_winding_woodlands_center_diamonds,
          nzn_winding_woodlands_5x15_longhouse], layout_loops_ring,
          spider_nest_entry_a
Lair:4:   layout_regular_city, gammafunk_ghost_grave, nicolae_lair_lindhole,
          uniq_nessos
Lair:5:   evilmike_catoblepas_cave, layout_hall_layers,
          minmay_slime_entry_pillars, grunt_forest_small_clearing_treed
Orc:1:    layout_diamond_mine, basic_altar, nicolae_volcano_entry_s_turn,
          sword_in_stone
Orc:2:    st_orc_pillars, layout_caves, basic_altar, nicolae_orc_lost_temple

Skill      XL: |  1  2  3  4  5  6  7  8  9 10 11 12 13 14 15 |
---------------+----------------------------------------------+-----
Maces & Flails | 3 4 5 6 8 9 11 13 16 | 16.0
Fighting       | 4 6 8 10 12 | 12.5
Armour         | 4 6 8 10 11 12 | 12.4
Shields        | 4 6 8 10 12 | 12.5
Invocations    | 2 5 7 9 11 12 | 12.0

Action                     |  1- 3 |  4- 6 |  7- 9 | 10-12 | 13-15 || total
---------------------------+-------+-------+-------+-------+-------++-------
  Melee: Flail             |   103 |   180 |   137 |       |       ||   420
         Morningstar       |       |       |   128 |   851 |   817 ||  1796
  Throw: Javelin           |       |       |    78 |     5 |       ||    83
 Invoke: Upheaval          |       |       |       |     8 |    16 ||    24
         Elemental Force   |       |       |       |       |     1 ||     1
         Disaster Area     |       |       |       |       |     1 ||     1
  Evoke: Wand              |       |       |       |       |     2 ||     2
    Use: Scroll            |       |     7 |     4 |    10 |     7 ||    28
         Potion            |       |     1 |     2 |     8 |     7 ||    18
 Armour: Scale mail        |    31 |       |       |       |       ||    31
         Chain mail        |    53 |   169 |   109 |       |       ||   331
         Ring mail         |       |       |   108 |   455 |       ||   563
         Plate armour      |       |       |       |   125 |   589 ||   714
  Dodge: Dodged            |    43 |    78 |   112 |   246 |   196 ||   675
         Repelled          |       |       |       |     1 |     2 ||     3
  Block: Buckler           |    17 |    45 |    75 |   293 |   437 ||   867

Table legend: (Time is in decaauts)
 A = Elapsed time spent in this place.
 B = Non-inter-level travel time spent in this place.
 C = Inter-level travel time spent in this place.
 D = Time resting spent in this place.
 E = Time spent auto-exploring this place.
 F = Levels seen in this place.
 G = Mean time per level.
                   A        B        C        D        E       F      G
               +--------+--------+--------+--------+--------+-----+--------+
         Total |  19201 |  17868 |   1333 |      0 |  14297 |  20 |  960.0 |
       Dungeon |  11256 |  10205 |   1051 |      0 |   8264 |  11 | 1023.3 |
        Temple |     51 |      2 |     49 |      0 |      0 |   1 |   51.0 |
          Lair |   6526 |   6316 |    210 |      0 |   5196 |   5 | 1305.2 |
  Orcish Mines |   1093 |   1072 |     21 |      0 |    706 |   2 |  546.5 |
        Bailey |    274 |    274 |      0 |      0 |    130 |   1 |  274.0 |
               +--------+--------+--------+--------+--------+-----+--------+

Top non-repeatable levels by time:
  Lair:5: 1950 daAuts
  Lair:3: 1405 daAuts
     D:5: 1296 daAuts
  Lair:4: 1255 daAuts
     D:9: 1243 daAuts
     D:3: 1106 daAuts
  Lair:1: 1057 daAuts
    D:10: 1041 daAuts
     D:6: 1026 daAuts
     D:2: 1026 daAuts
     D:4: 1011 daAuts
     D:1: 991 daAuts
     D:7: 883 daAuts
  Lair:2: 857 daAuts
     D:8: 850 daAuts
